PA
GWINNETT COUNTY BLACK CATS @ SOUTH BEACH BLAZE
08/15/2026
 
TOP OF THE 1ST
Gwinnett County Black Cats batting - Pitching for South Beach Blaze : RHP Victor Lustig
Pitching: RHP Victor Lustig
Batting: RHB Sidney Mackell 0-0: Ball
1-0: Foul Ball, location: 2F
1-1: Called Strike
1-2: Foul Ball, location: 2F
1-2: Strikes out swinging
Batting: LHB Darrell Woodmansee 0-0: Called Strike
0-1: Foul Ball, location: 2F
0-2: Ball
1-2: Foul Ball, location: 2F
1-2: Foul Ball, location: 2F
1-2: Ball
2-2: Foul Ball, location: 2F
2-2: Fly out, F9 (Flyball, 9S)
Batting: SHB Ted Tullo 0-0: Called Strike
0-1: Ball
1-1: Ball
2-1: Ground out 1-3 (Groundball, 13S)
Top of the 1st over - 0 run(s), 0 hit(s), 0 error(s), 0 left on base; Gwinnett County 0 - South Beach 0
BOTTOM OF THE 1ST
South Beach Blaze batting - Pitching for Gwinnett County Black Cats : RHP Javier Luna
Pitching: RHP Javier Luna
Batting: RHB Eduardo Rivera 0-0: Fly out, F8 (Line Drive, 8RM)
Batting: RHB Mark Keys 0-0: Called Strike
0-1: Foul Ball, location: 2F
0-2: Ball
1-2: Ball
2-2: Ball
3-2: Reached on error, E5 (Groundball, 56)
Batting: LHB Hideki Hisanobu 0-0: Ball
1-0: Fly out, F8 (Flyball, 8LS)
Batting: SHB José Rico 0-0: Ball
1-0: Called Strike
1-1: Called Strike
1-2: Ball
2-2: Fly out, F3 (Line Drive, 3)
Bottom of the 1st over - 0 run(s), 0 hit(s), 1 error(s), 1 left on base; Gwinnett County 0 - South Beach 0
TOP OF THE 2ND
Gwinnett County Black Cats batting - Pitching for South Beach Blaze : RHP Victor Lustig
Batting: SHB Melito Báez 0-0: Ball
1-0: Ball
2-0: SINGLE (Line Drive, 9LS)
Batting: RHB Sameen Shaw 0-0: SINGLE (Flyball, 34D)
Melito Báez to second
Runner from 2nd tries for 3rd, SAFE, throw made to third
Batting: RHB Chang-lit Min 0-0: Called Strike
0-1: Ball
1-1: Called Strike
1-2: Ground out 3-1 (Groundball, 34S)
Melito Báez scores
Sameen Shaw to second
Batting: LHB Ramón Vega 0-0: Ball
1-0: SINGLE (Line Drive, 8LS)
Sameen Shaw to third
Batting: RHB Juan León 0-0: Ball
1-0: Called Strike
1-1: Foul Ball, location: 2F
1-2: Strikes out swinging
Batting: RHB Edgar Balerio 0-0: SINGLE (Flyball, 7LS)
Sameen Shaw scores
Ramón Vega to second
Batting: RHB Sidney Mackell 0-0: Called Strike
0-1: Ball
1-1: Fly out, F8 (Flyball, 8LD)
Top of the 2nd over - 2 run(s), 4 hit(s), 0 error(s), 2 left on base; Gwinnett County 2 - South Beach 0
BOTTOM OF THE 2ND
South Beach Blaze batting - Pitching for Gwinnett County Black Cats : RHP Javier Luna
Batting: LHB Ramiro Ramos 0-0: Ball
1-0: SINGLE (Groundball, 4MD)
Batting: RHB Martinus Xhaka 0-0: Ball
1-0: Called Strike
1-1: Foul Ball, location: 2F
1-2: Foul Ball, location: 2F
1-2: Foul Ball, location: 2F
1-2: Ball
2-2: Strikes out looking
Batting: SHB Adrián Zamudio 0-0: Foul Ball, location: 2F
0-1: Ball
1-1: Called Strike
1-2: Ball
2-2: Fly out, F4 (Line Drive, 4)
Batting: RHB António Ramírez 0-0: Ball
1-0: Ball
2-0: Ground out 4-3 (Groundball, 4S)
Bottom of the 2nd over - 0 run(s), 1 hit(s), 0 error(s), 1 left on base; Gwinnett County 2 - South Beach 0
TOP OF THE 3RD
Gwinnett County Black Cats batting - Pitching for South Beach Blaze : RHP Victor Lustig
Batting: LHB Darrell Woodmansee 0-0: Ball
1-0: Ball
2-0: Foul Ball, location: 2F
2-1: Swinging Strike
2-2: Ball
3-2: Base on Balls
Batting: SHB Ted Tullo 0-0: Ball
1-0: Ball
2-0: Ball
3-0: Called Strike
3-1: Swinging Strike
3-2: Fly out, F8 (Flyball, 8LM)
Batting: SHB Melito Báez 0-0: Ball
Darrell Woodmansee steals 2nd base
1-0: Foul Ball, location: 2F
1-1: Called Strike
1-2: Strikes out looking
Batting: RHB Sameen Shaw 0-0: Called Strike
0-1: Foul Ball, location: 2F
0-2: Ball
1-2: Strikes out swinging
Top of the 3rd over - 0 run(s), 0 hit(s), 0 error(s), 1 left on base; Gwinnett County 2 - South Beach 0
BOTTOM OF THE 3RD
South Beach Blaze batting - Pitching for Gwinnett County Black Cats : RHP Javier Luna
Batting: RHB Shizuo Heiwajaima 0-0: Called Strike
0-1: Foul Ball, location: 2F
0-2: Foul Ball, location: 2F
0-2: Ground out 6-3 (Groundball, 6M)
Batting: RHB Eduardo Rivera 0-0: Ball
1-0: Foul Ball, location: 2F
1-1: Foul Ball, location: 2F
1-2: SINGLE (Groundball, 34S) (infield hit)
Batting: RHB Mark Keys 0-0: Called Strike
0-1: Ball
1-1: Ball
2-1: Ball
3-1: SINGLE (Line Drive, 7LM)
Eduardo Rivera to second
Batting: LHB Hideki Hisanobu 0-0: Called Strike
0-1: Swinging Strike
0-2: Strikes out swinging
Batting: SHB José Rico 0-0: Ball
1-0: Foul Ball, location: 2F
1-1: Foul Ball, location: 2F
1-2: Ball
2-2: Ball
3-2: Ground out U3 (Groundball, 34)
Bottom of the 3rd over - 0 run(s), 2 hit(s), 0 error(s), 2 left on base; Gwinnett County 2 - South Beach 0
TOP OF THE 4TH
Gwinnett County Black Cats batting - Pitching for South Beach Blaze : RHP Victor Lustig
Batting: RHB Chang-lit Min 0-0: Ball
1-0: Swinging Strike
1-1: Ball
2-1: Ball
3-1: Foul Ball, location: 2F
3-2: Strikes out looking
Batting: LHB Ramón Vega 0-0: Foul Ball, location: 2F
0-1: Ground out 4-3 (Groundball, 34)
Batting: RHB Juan León 0-0: Ball
1-0: Foul Ball, location: 2F
1-1: Ball
2-1: Ground out 3-1 (Groundball, 34S)
Top of the 4th over - 0 run(s), 0 hit(s), 0 error(s), 0 left on base; Gwinnett County 2 - South Beach 0
BOTTOM OF THE 4TH
South Beach Blaze batting - Pitching for Gwinnett County Black Cats : RHP Javier Luna
Batting: LHB Ramiro Ramos 0-0: Foul Ball, location: 2F
0-1: Fly out, F6 (Line Drive, 6M)
Batting: RHB Martinus Xhaka 0-0: Fly out, F8 (Flyball, 8RM)
Batting: SHB Adrián Zamudio 0-0: Ball
1-0: Called Strike
1-1: Called Strike
1-2: Foul Ball, location: 2F
1-2: Foul Ball, location: 2F
1-2: Ball
2-2: Ball
3-2: Strikes out swinging
Bottom of the 4th over - 0 run(s), 0 hit(s), 0 error(s), 0 left on base; Gwinnett County 2 - South Beach 0
TOP OF THE 5TH
Gwinnett County Black Cats batting - Pitching for South Beach Blaze : RHP Victor Lustig
Batting: RHB Edgar Balerio 0-0: Ball
1-0: Swinging Strike
1-1: Ball
2-1: Foul Ball, location: 2F
2-2: Foul Ball, location: 2F
2-2: Ball
3-2: Foul Ball, location: 2F
3-2: Strikes out looking
Batting: RHB Sidney Mackell 0-0: Ball
1-0: Ball
2-0: Foul Ball, location: 2F
2-1: Swinging Strike
2-2: Strikes out swinging
Batting: LHB Darrell Woodmansee 0-0: Foul Ball, location: 2F
0-1: Ball
1-1: Ball
2-1: Foul Ball, location: 2F
2-2: SINGLE (Line Drive, 89M)
Batting: SHB Ted Tullo 0-0: Ball
1-0: Ball
2-0: Ball
3-0: Called Strike
3-1: Base on Balls
Darrell Woodmansee to second
Batting: SHB Melito Báez 0-0: Called Strike
0-1: Ball
1-1: Fly out, F4 (Flyball, 4MD)
Top of the 5th over - 0 run(s), 1 hit(s), 0 error(s), 2 left on base; Gwinnett County 2 - South Beach 0
BOTTOM OF THE 5TH
South Beach Blaze batting - Pitching for Gwinnett County Black Cats : RHP Javier Luna
Batting: RHB António Ramírez 0-0: Ball
1-0: Foul Ball, location: 2F
1-1: Swinging Strike
1-2: Ball
2-2: Strikes out swinging
Batting: RHB Shizuo Heiwajaima 0-0: Ball
1-0: Ball
2-0: Fly out, F8 (Flyball, 8LM)
Batting: RHB Eduardo Rivera 0-0: Foul Ball, location: 2F
0-1: Foul Ball, location: 2F
0-2: Ball
1-2: Ball
2-2: SINGLE (Groundball, 56D)
Batting: RHB Mark Keys 0-0: Ball
1-0: Fielders Choice at 2nd, 6-4 (Groundball, 6)
Bottom of the 5th over - 0 run(s), 1 hit(s), 0 error(s), 0 left on base; Gwinnett County 2 - South Beach 0
TOP OF THE 6TH
Gwinnett County Black Cats batting - Pitching for South Beach Blaze : RHP Victor Lustig
Batting: RHB Sameen Shaw 0-0: Called Strike
0-1: Ground out 5-3 (Groundball, 5)
Batting: RHB Chang-lit Min 0-0: Reached on error, E4 (Groundball, 4S)
Batting: LHB Ramón Vega 0-0: Ball
1-0: Called Strike
1-1: Foul Ball, location: 2F
1-2: Fielders Choice at 2nd, 6-4 (Groundball, 6)
Batting: RHB Juan León 0-0: Ball
1-0: Foul Ball, location: 2F
1-1: SINGLE (Groundball, 4MD)
Ramón Vega to second
Batting: RHB Edgar Balerio 0-0: Hit by Pitch
Ramón Vega to third
Juan León to second
Batting: RHB Sidney Mackell 0-0: Ball
1-0: Swinging Strike
1-1: Ball
2-1: SINGLE (Groundball, 4D)
Ramón Vega scores
Juan León to third
Edgar Balerio to second
Runner from 3rd tries for Home, SAFE, throw made at trailing runner, OUT at third!
Top of the 6th over - 2 run(s), 2 hit(s), 1 error(s), 1 left on base; Gwinnett County 4 - South Beach 0
BOTTOM OF THE 6TH
South Beach Blaze batting - Pitching for Gwinnett County Black Cats : RHP Javier Luna
Batting: LHB Hideki Hisanobu 0-0: Called Strike
0-1: Called Strike
0-2: Strikes out swinging
Batting: SHB José Rico 0-0: Called Strike
0-1: Ball
1-1: Called Strike
1-2: Ball
2-2: Foul Ball, location: 2F
2-2: Ground out 3-1 (Groundball, 34)
Batting: LHB Ramiro Ramos 0-0: Fly out, F2 (Popup, 3S)
Bottom of the 6th over - 0 run(s), 0 hit(s), 0 error(s), 0 left on base; Gwinnett County 4 - South Beach 0
TOP OF THE 7TH
Gwinnett County Black Cats batting - Pitching for South Beach Blaze : RHP Victor Lustig
Batting: LHB Darrell Woodmansee 0-0: Called Strike
0-1: Ball
1-1: Ball
2-1: Foul Ball, location: 2F
2-2: Foul Ball, location: 2F
2-2: Strikes out swinging
Batting: SHB Ted Tullo 0-0: Ball
1-0: Foul Ball, location: 2F
1-1: Foul Ball, location: 2F
1-2: Foul Ball, location: 2F
1-2: Ball
2-2: Foul Ball, location: 2F
2-2: Foul Ball, location: 2F
2-2: Ball
3-2: Foul Ball, location: 2F
3-2: Foul Ball, location: 2F
3-2: DOUBLE (Line Drive, 3D)
Pitching: LHP Tadeo Pico
Batting: SHB Melito Báez 0-0: Foul Ball, location: 2F
0-1: Ball
1-1: Ball
2-1: Swinging Strike
2-2: Foul Ball, location: 2F
2-2: Strikes out swinging
Batting: RHB Sameen Shaw 0-0: Intentional Walk
Batting: RHB Chang-lit Min 0-0: Ball
1-0: Foul Ball, location: 2F
1-1: Foul Ball, location: 2F
1-2: Strikes out looking
Top of the 7th over - 0 run(s), 1 hit(s), 0 error(s), 2 left on base; Gwinnett County 4 - South Beach 0
BOTTOM OF THE 7TH
South Beach Blaze batting - Pitching for Gwinnett County Black Cats : RHP Javier Luna
Batting: RHB Martinus Xhaka 0-0: Called Strike
0-1: Foul Ball, location: 2F
0-2: Foul Ball, location: 2F
0-2: Ball
1-2: Strikes out swinging
Batting: SHB Adrián Zamudio 0-0: Swinging Strike
0-1: Swinging Strike
0-2: Ball
1-2: Ball
2-2: Foul Ball, location: 2F
2-2: Ball
3-2: Fly out, F8 (Flyball, 8LM)
Batting: RHB António Ramírez 0-0: Foul Ball, location: 2F
0-1: Called Strike
0-2: Fly out, F8 (Flyball, 8RM)
Bottom of the 7th over - 0 run(s), 0 hit(s), 0 error(s), 0 left on base; Gwinnett County 4 - South Beach 0
TOP OF THE 8TH
Gwinnett County Black Cats batting - Pitching for South Beach Blaze : LHP Tadeo Pico
Batting: LHB Ramón Vega 0-0: Called Strike
0-1: Foul Ball, location: 2F
0-2: Ball
1-2: Foul Ball, location: 2F
1-2: Strikes out swinging
Batting: RHB Juan León 0-0: Called Strike
0-1: Called Strike
0-2: Strikes out swinging
Batting: RHB Edgar Balerio 0-0: Foul Ball, location: 2F
0-1: Fly out, F9 (Flyball, 89M)
Top of the 8th over - 0 run(s), 0 hit(s), 0 error(s), 0 left on base; Gwinnett County 4 - South Beach 0
BOTTOM OF THE 8TH
South Beach Blaze batting - Pitching for Gwinnett County Black Cats : RHP Javier Luna
Batting: RHB Shizuo Heiwajaima 0-0: Ball
1-0: Foul Ball, location: 2F
1-1: Fly out, F8 (Flyball, 8RD)
Batting: RHB Eduardo Rivera 0-0: Foul Ball, location: 2F
0-1: Ball
1-1: Foul Ball, location: 2F
1-2: Ball
2-2: Ball
3-2: Foul Ball, location: 2F
3-2: Foul Ball, location: 2F
3-2: Foul Ball, location: 2F
3-2: Ground out 6-3 (Groundball, 6)
Batting: RHB Mark Keys 0-0: Fly out, F8 (Flyball, 8RM)
Bottom of the 8th over - 0 run(s), 0 hit(s), 0 error(s), 0 left on base; Gwinnett County 4 - South Beach 0
TOP OF THE 9TH
Gwinnett County Black Cats batting - Pitching for South Beach Blaze : LHP Tadeo Pico
Batting: RHB Sidney Mackell 0-0: Called Strike
0-1: Foul Ball, location: 2F
0-2: Ball
1-2: SINGLE (Line Drive, 6M)
Batting: LHB Darrell Woodmansee 0-0: Bunted foul
0-1: Called Strike
0-2: Ball
Wild Pitch!
Sidney Mackell to second
1-2: Foul Ball, location: 2F
1-2: Ball
2-2: Foul Ball, location: 2F
2-2: Ball
3-2: Base on Balls
Batting: SHB Ted Tullo 0-0: Called Strike
0-1: Ball
1-1: Called Strike
1-2: Ground out 5-3 (Groundball, 5S)
Sidney Mackell to third
Darrell Woodmansee to second
Batting: SHB Melito Báez 0-0: Foul Ball, location: 2F
0-1: Called Strike
0-2: Strikes out looking
Batting: RHB Sameen Shaw 0-0: Intentional Walk
Batting: RHB Chang-lit Min 0-0: Ball
1-0: Ball
2-0: Fly out, F9 (Flyball, 9S)
Top of the 9th over - 0 run(s), 1 hit(s), 0 error(s), 3 left on base; Gwinnett County 4 - South Beach 0
BOTTOM OF THE 9TH
South Beach Blaze batting - Pitching for Gwinnett County Black Cats : RHP Javier Luna
Pitching: RHP José Quintero
Batting: LHB Hideki Hisanobu 0-0: Foul Ball, location: 2F
0-1: Ball
1-1: Swinging Strike
1-2: Ball
2-2: Ball
3-2: Strikes out swinging
Batting: SHB José Rico 0-0: Ball
1-0: Ball
2-0: Foul Ball, location: 2F
2-1: Foul Ball, location: 2F
2-2: Foul Ball, location: 2F
2-2: Fly out, F5 (Popup, 5)
Batting: LHB Ramiro Ramos 0-0: Foul Ball, location: 2F
0-1: Ball
1-1: Ball
2-1: Called Strike
2-2: Ball
3-2: Base on Balls
Batting: RHB Martinus Xhaka 0-0: Called Strike
0-1: Foul Ball, location: 2F
0-2: Fly out, F8 (Flyball, 8LM)
Bottom of the 9th over - 0 run(s), 0 hit(s), 0 error(s), 1 left on base; Gwinnett County 4 - South Beach 0
Monday, March 20th, 2017 - OOTP Baseball 17.12 Build 75